 Dungeon Crawl Stone Soup version 0.29.1-2-gbd0b4ee654 (webtiles) character file.

Game seed: 12845150757003288673

149 Firos the Poker (level 5, 0/47 HPs)
             Began as a Hill Orc Monk on Nov 8, 2022.
             Was a Believer of Beogh.
             Slain by Duvessa
             ... wielding a +0 short sword
              (11 damage)
             ... on level 4 of the Dungeon.
             The game lasted 00:04:27 (3864 turns).

Firos the Poker (Hill Orc Monk)                     Turns: 3864, Time: 00:04:28

Health: 0/47       AC:  7    Str: 16    XL:     5   Next: 31%
Magic:  5/5        EV: 10    Int: 10    God:    Beogh [**....]
Gold:   162        SH:  0    Dex: 13    Spells: 4/4 levels left

rFire   . . .      SeeInvis .   a - +0 spear (venom)
rCold   . . .      Faith    .   (no shield)
rNeg    . . .      Spirit   .   e - +0 scale mail
rPois   .          Reflect  .   b - +0 hat
rElec   .          Harm     .   (no cloak)
rCorr   .          Rampage  .   g - +0 pair of gloves
Will    .....                   (no boots)
Stlth   ..........              (no amulet)
HPRegen 0.15/turn               (no ring)
MPRegen 0.09/turn               (no ring)

@: confused, ambrosia-drunk
A: no striking features
a: Renounce Religion, Smiting


You were on level 4 of the Dungeon.
You worshipped Beogh.
Beogh was pleased with you.
You visited 1 branch of the dungeon, and saw 4 of its levels.

You collected 222 gold pieces.
You spent 60 gold pieces at shops.

Inventory:

Hand Weapons
 a - a +0 spear of venom (weapon)
Armour
 b - a +0 hat (worn)
 e - a +0 scale mail (worn)
 g - a +0 pair of gloves (worn)
Wands
 r - a wand of mindburst (12)
Scrolls
 j - a scroll of amnesia
 k - a scroll of enchant armour {unknown}
Potions
 c - a potion of ambrosia
 f - a potion of cancellation
 h - 2 potions of might {unknown}
 n - a potion of curing {unknown}
 o - a potion of flight {unknown}
 s - a potion of attraction {unknown}
 t - a potion of berserk rage {unknown}


   Skills:
 + Level 4.6 Fighting
 * Level 5.1 Polearms
 + Level 2.3 Armour
 - Level 2.4 Dodging
 - Level 1.5 Stealth


You had 4 spell levels left.
You didn't know any spells.
Your spell library contained the following spells:

 Spells                   Type           Power      Damage    Failure   Level
 Freeze                   Ice            0%         1d3       80%         1
 Ensorcelled Hibernation  Hex/Ice        0%         N/A       90%         2
 Frozen Ramparts          Ice            0%         1d1       99%         3
 Spider Form              Tmut/Pois      0%         N/A       99%         3
 Anguish                  Hex/Necr       0%         N/A       100%        4
 Hailstorm                Conj/Ice       0%         3d3       100%        4


Dungeon Overview and Level Annotations

Branches:
Dungeon (4/15)
 Temple: D:4-7

Altars:
Gozag

Shops:
D:2 !   D:3 :

Annotations:
D:4 Duvessa


Message History

You hear a shout!
You hear a shout!
There is an open door here.
You see here a +0 club.
You hear a shout!
You hear a shout!
Duvessa shouts!
You reach to attack!
You closely miss Duvessa.
Duvessa is heavily wounded.
Duvessa hits you with a +0 short sword.
You barely miss Duvessa.
Duvessa is heavily wounded.
Duvessa hits you but does no damage.
You barely miss Duvessa.
Duvessa is heavily wounded.
Duvessa barely misses you.
You hit Duvessa.
Duvessa is poisoned.
Duvessa is heavily wounded.
Duvessa barely misses you.
You hit Duvessa but do no damage.
Duvessa is heavily wounded.
Duvessa hits you with a +0 short sword!
Duvessa hits you with a +0 short sword!!
You closely miss Duvessa.
Duvessa is severely wounded.
Duvessa closely misses you. Duvessa attacks as you move away!
Duvessa hits you with a +0 short sword.
* * * LOW HITPOINT WARNING * * *
Duvessa attacks as you move away! Duvessa hits you with a +0 short sword.
* * * LOW HITPOINT WARNING * * *
Duvessa barely misses you.
Okay, then.
You are confused.
You feel invigorated. Duvessa hits you with a +0 short sword.
* * * LOW HITPOINT WARNING * * *
Duvessa hits you with a +0 short sword!
* * * LOW HITPOINT WARNING * * *
You bump into the rock wall.
Duvessa completely misses you.
You bump into the rock wall.
Duvessa hits you with a +0 short sword!
You die...

#.# #.............# #.#
##.'########'..# #.#
##..#........#..#
#.########
#...#.'####+.#.##
#........# ##..#.#....#.#.#
########.#####.#.#.##.#.#.#
#........#.#.##.#.#.#
##.#####e#.#.)..#.#.# ###
#@#.'####+.#.#
#)#........#.#
#.'########'.# ###
#............#
##########.##
#.###..###.###
#.........#.###..........#
#.######.###....##########
#.# #.....#.##..## #.#
#.###..###...##


You could see Duvessa (berserk, poisoned).

Vanquished Creatures
  Dowan (D:4)
  3 adders
  An ufetubus (D:4)
  A worm (D:2)
  2 dart slugs (D:4)
  4 orcs
  7 endoplasms
  6 giant cockroaches
  4 hobgoblins
  3 jackals (D:4)
  3 ball pythons
  2 bats
  5 frilled lizards
  8 goblins
  4 kobolds
  3 rats (D:2)
57 creatures vanquished.

Notes
Turn   | Place    | Note
-------+----------+-------------------------------------------
     0 | D:1      | Firos the Hill Orc Monk began the quest for the Orb.
     0 | D:1      | Reached XP level 1. HP: 19/19 MP: 1/1
    81 | D:1      | Found a faded altar of an unknown god.
   590 | D:2      | Found Zuqil's Distillery.
   597 | D:2      | Reached XP level 2. HP: 27/27 MP: 2/2
   899 | D:2      | Reached skill level 1 in Armour
  1079 | D:2      | Bought a potion of heal wounds for 60 gold pieces
  1126 | D:2      | Became a worshipper of Beogh the Brigand
  1126 | D:2      | Reached * piety under Beogh
  1126 | D:2      | Reached ** piety under Beogh
  1268 | D:2      | Reached skill level 4 in Polearms
  1268 | D:2      | Reached XP level 3. HP: 9/33 MP: 3/3
  2357 | D:3      | Reached XP level 4. HP: 40/40 MP: 4/4
  2503 | D:3      | Found Pobritsob's Book Shop.
  2763 | D:4      | Noticed a black bear
  3490 | D:4      | Found an opulent altar of Gozag.
  3628 | D:4      | Noticed Dowan
  3629 | D:4      | Noticed Duvessa
  3642 | D:4      | Killed Dowan
  3643 | D:4      | Reached skill level 5 in Polearms
  3643 | D:4      | Reached XP level 5. HP: 43/47 MP: 5/5
  3864 | D:4      | Slain by Duvessa

Illustrated notes

Levels and vault maps discovered:
D:1:      ncdulo_watergridlock, layout_basic, ebering_ecumenical_altar_petrified
D:2:      layout_basic, serial_shops, shop
D:3:      layout_basic, serial_shops, nicolae_shop_trees
D:4:      black_bear_nest_2, layout_loops_corners,
          nicolae_gozag_cash_rules_everything_around_me, st_stairs_14,
          minivault_11, uniq_duvessa

Skill      XL: |  1  2  3  4 |
---------------+-------------+-----
Armour         | 1 2 |  2.3
Fighting       | 4 |  4.6
Polearms       | 4 5 |  5.1
Dodging        | |  2.4
Stealth        | |  1.5

Action                   |  1- 3 |  4- 6 || total
-------------------------+-------+-------++-------
Melee: Spear             |   143 |    75 ||   218
       Punch             |     1 |       ||     1
Invok: Convert to Beogh  |     1 |       ||     1
Evoke: Wand              |       |     1 ||     1
  Use: Scroll            |     2 |     9 ||    11
       Potion            |       |     2 ||     2
Armor: Scale mail        |    26 |    19 ||    45
Dodge: Dodged            |    42 |    23 ||    65
